 Dungeon Crawl Stone Soup version 0.29.0-4-gdea44cf6ec (webtiles) character file.

Game seed: 14814358166110293494

224 qw the Chopper (level 6, -1/35 HPs)
             Began as a Tengu Warper on Aug 28, 2022.
             Slain by an iguana (12 damage)
             ... on level 4 of the Dungeon.
             The game lasted 00:00:26 (4484 turns).

qw the Chopper (Tengu Warper)                       Turns: 4484, Time: 00:00:27

Health: -1/35      AC:  8    Str: 13    XL:     6   Next: 0%
Magic:  10/10      EV:  7    Int: 13    God:
Gold:   270        SH:  0    Dex: 14    Spells: 9/9 levels left

rFire   . . .      SeeInvis .   Y - +0 hand axe
rCold   . . .      Faith    .   (no shield)
rNeg    . . .      Spirit   .   k - +0 chain mail
rPois   .          Reflect  .   (helmet restricted)
rElec   .          Harm     .   (no cloak)
rCorr   +          Rampage  .   (no gloves)
Will    .....                   (boots unavailable)
Stlth   ..........              (no amulet)
HPRegen 0.11/turn               b - ring of resist corrosion
MPRegen 0.12/turn               (no ring)

@: flying quickly and evasively, quick
A: beak, talons 3, nimble flight
a: no special abilities


You were on level 4 of the Dungeon.
You visited 1 branch of the dungeon, and saw 4 of its levels.

You collected 270 gold pieces.


Innate Abilities, Weirdness & Mutations

You have a beak for a mouth.
You have claws for feet.
Your magical nature lets you fly swiftly and evasively.


   Skills:
 - Level 2.0 Fighting
 - Level 6.4 Axes
 - Level 1.0 Throwing
 + Level 1.9 Armour
 - Level 2.1 Dodging
 - Level 2.0 Spellcasting
 - Level 2.4 Translocations


You had 9 spell levels left.
You didn't know any spells.
Your spell library contained the following spells:

 Spells                   Type           Power      Damage    Failure   Level
 Blink                    Tloc           14%        N/A       99%         2
 Gell's Gravitas          Tloc           7%         N/A       100%        3
 Lesser Beckoning         Tloc           7%         N/A       100%        3
 Teleport Other           Tloc           7%         N/A       100%        3
 Manifold Assault         Tloc           7%         N/A       100%        5

Inventory:

Hand Weapons
 j - a +0 flail
 Y - a +0 hand axe (weapon)
Missiles
 a - 3 javelins (quivered)
Armour
 c - a +0 cloak
 k - a +0 chain mail (worn)
Jewellery
 b - a ring of resist corrosion (left hand)
 e - an amulet of reflection
Scrolls
 d - a scroll of brand weapon {unknown}
 h - 3 scrolls of identify
Potions
 f - 2 potions of curing
 g - a potion of heal wounds {unknown}

Dungeon Overview and Level Annotations

Branches:
Dungeon (4/15)
 Temple: D:4-7

Altars:
Ashenzari
Elyvilon

Annotations:
D:4 2 transporters, qw's ghost, amateur TeWr


Message History

Your peck misses the adder. The adder closely misses you.
You hit the adder but do no damage. You claw the adder.
The adder is heavily wounded.
The adder bites you but does no damage.
You closely miss the adder. You claw the adder.
The adder is heavily wounded.
The adder completely misses you. The adder bites you but does no damage.
You hit the adder. You claw the adder.
You kill the adder!
You have reached level 6!
a - 3 javelins (gained 1)
There is a stone staircase leading down here.
You see here 7 stones.
You see here a +0 leather armour.
An iguana comes into view.
The iguana hisses angrily.
You barely miss the iguana. Your peck misses the iguana. The iguana bites you!
You hit the iguana but do no damage. Your kick misses the iguana.
The iguana bites you but does no damage.
You completely miss the iguana. The iguana barely misses you.
You hit the iguana but do no damage. The iguana bites you!
You closely miss the iguana. The iguana bites you.
You closely miss the iguana. You claw the iguana. Your punch misses the iguana.
The iguana is lightly wounded.
The iguana barely misses you.
You hit the iguana but do no damage.
The iguana is lightly wounded.
The iguana closely misses you.
You hit the iguana.
The iguana is moderately wounded.
The iguana bites you!
You closely miss the iguana. You peck the iguana, but do no damage.
The iguana is moderately wounded.
The iguana bites you!
You die...

#....###.# #.####...#
##.####.###
#.......####
###..#.....# #####
#..#.###.# #....
#..#.....#########....
#..####...............
#....@+...............
#.###l#...............
#.# ..#...............
#.##.#############....
#. #. #.... #. #.
#.... #. .. #.... ##
#.... #....


You could see an iguana.

Vanquished Creatures
  A bullfrog (D:4)
  A hound (D:3)
  3 adders
  A worm (D:3)
  3 dart slugs
  6 orcs
  5 ball pythons
  6 bats
  7 endoplasms
  3 giant cockroaches
  6 goblins
  5 hobgoblins
  8 jackals
  7 quokkas
  2 frilled lizards (D:3)
  5 kobolds
  11 rats
80 creatures vanquished.

Notes
Turn   | Place    | Note
-------+----------+-------------------------------------------
     0 | D:1      | qw the Tengu Warper began the quest for the Orb.
     0 | D:1      | Reached XP level 1. HP: 12/12 MP: 4/4
     0 | D:1      | 0 ||| qw: Version: 0.1-a-89-g26bdef1
     0 | D:1      | 0 ||| qw: Game counter: 206
     0 | D:1      | 0 ||| qw: Always use a shield: true
     0 | D:1      | 0 ||| qw: God list: Okawaru
     0 | D:1      | 0 ||| qw: Allow faded altars: false
     0 | D:1      | 0 ||| qw: Do Orc after D:15 true
     0 | D:1      | 0 ||| qw: Do second Lair branch before Depths: true
     0 | D:1      | 0 ||| qw: Lair rune preference: random
     0 | D:1      | 0 ||| qw: Plans: Normal
     0 | D:1      | 0 ||| PLANNING D:1-11
   106 | D:1      | Found a faded altar of an unknown god.
   120 | D:1      | Reached XP level 2. HP: 11/17 MP: 6/6
   122 | D:1      | Reached skill level 3 in Axes
   276 | D:1      | 276 ||| Stepping ~*~*~tactically~*~*~ (stealth).
   309 | D:1      | 309 ||| Stepping ~*~*~tactically~*~*~ (hiding).
   311 | D:1      | 311 ||| Stepping ~*~*~tactically~*~*~ (hiding).
   375 | D:1      | 375 ||| Stepping ~*~*~tactically~*~*~ (stealth).
   504 | D:1      | Reached XP level 3. HP: 21/21 MP: 7/7
   585 | D:1      | 585 ||| Stepping ~*~*~tactically~*~*~ (stealth).
   587 | D:1      | 587 ||| Stepping ~*~*~tactically~*~*~ (stealth).
   594 | D:1      | 594 ||| DROPPING +0 club.
   598 | D:1      | 598 ||| READING scroll labelled ADGHIT DEGOTU.
   618 | D:1      | 618 ||| READING scroll labelled CIACRU XOMU.
   737 | D:1      | Reached skill level 4 in Axes
   881 | D:1      | 881 ||| DRINKING 2 brown potions.
   882 | D:1      | 882 ||| DROPPING scroll of blinking.
  1364 | D:2      | HP: 5/21 [poisoned by an adder]
  1367 | D:2      | Reached XP level 4. HP: 4/26 MP: 8/8
  1721 | D:2      | Found a white marble altar of Elyvilon.
  1750 | D:2      | 1750 ||| Stepping ~*~*~tactically~*~*~ (hiding).
  1852 | D:2      | 1852 ||| Stepping ~*~*~tactically~*~*~ (hiding).
  2286 | D:2      | 2286 ||| UPGRADING to +0 ring mail.
  2296 | D:2      | 2296 ||| DROPPING +0 leather armour.
  2297 | D:2      | 2297 ||| READING scroll labelled NUHUHY MIFUO.
  2298 | D:2      | 2298 ||| READING scroll labelled ZIGEES VUGYEX.
  2680 | D:3      | Reached skill level 5 in Axes
  2886 | D:3      | Found a broken altar of Ashenzari.
  2896 | D:3      | 2896 ||| Stepping ~*~*~tactically~*~*~ (stealth).
  2901 | D:3      | 2901 ||| Stepping ~*~*~tactically~*~*~ (stealth).
  2909 | D:3      | 2909 ||| Stepping ~*~*~tactically~*~*~ (stealth).
  2911 | D:3      | 2911 ||| Stepping ~*~*~tactically~*~*~ (stealth).
  2912 | D:3      | 2912 ||| Stepping ~*~*~tactically~*~*~ (stealth).
  2925 | D:3      | HP: 3/26 [orc/+0 flail (5)]
  2927 | D:3      | Gained mutation: Your magical nature lets you fly swiftly
                  | and evasively. [Tengu growth]
  2927 | D:3      | Reached XP level 5. HP: 4/30 MP: 9/9
  2928 | D:3      | 2928 ||| FLEEEEING.
  2972 | D:3      | 2972 ||| FLEEEEING.
  2973 | D:3      | 2973 ||| FLEEEEING.
  2982 | D:3      | 2982 ||| FLEEEEING.
  2983 | D:3      | 2983 ||| FLEEEEING.
  2984 | D:3      | 2984 ||| FLEEEEING.
  2986 | D:3      | 2986 ||| FLEEEEING.
  2988 | D:3      | 2988 ||| FLEEEEING.
  2989 | D:3      | 2989 ||| FLEEEEING.
  2990 | D:3      | 2990 ||| FLEEEEING.
  2991 | D:3      | 2991 ||| FLEEEEING.
  2992 | D:3      | 2992 ||| FLEEEEING.
  2993 | D:3      | 2993 ||| FLEEEEING.
  2994 | D:3      | 2994 ||| FLEEEEING.
  2995 | D:3      | 2995 ||| FLEEEEING.
  2996 | D:3      | 2996 ||| FLEEEEING.
  2997 | D:3      | 2997 ||| FLEEEEING.
  3003 | D:3      | 3003 ||| FLEEEEING.
  3004 | D:3      | 3004 ||| FLEEEEING.
  3005 | D:3      | 3005 ||| FLEEEEING.
  3006 | D:3      | 3006 ||| FLEEEEING.
  3007 | D:3      | 3007 ||| FLEEEEING.
  3008 | D:3      | 3008 ||| FLEEEEING.
  3009 | D:3      | 3009 ||| FLEEEEING.
  3010 | D:3      | 3010 ||| FLEEEEING.
  3011 | D:3      | 3011 ||| FLEEEEING.
  3012 | D:3      | 3012 ||| FLEEEEING.
  3013 | D:3      | 3013 ||| FLEEEEING.
  3028 | D:3      | 3028 ||| FLEEEEING.
  3029 | D:3      | 3029 ||| FLEEEEING.
  3030 | D:3      | 3030 ||| FLEEEEING.
  3031 | D:3      | 3031 ||| FLEEEEING.
  3032 | D:3      | 3032 ||| FLEEEEING.
  3033 | D:3      | 3033 ||| FLEEEEING.
  3034 | D:3      | 3034 ||| FLEEEEING.
  3035 | D:3      | 3035 ||| FLEEEEING.
  3036 | D:3      | 3036 ||| FLEEEEING.
  3037 | D:3      | 3037 ||| FLEEEEING.
  3038 | D:3      | 3038 ||| FLEEEEING.
  3039 | D:3      | 3039 ||| FLEEEEING.
  3040 | D:3      | 3040 ||| FLEEEEING.
  3041 | D:3      | 3041 ||| FLEEEEING.
  3042 | D:3      | 3042 ||| FLEEEEING.
  3043 | D:3      | 3043 ||| FLEEEEING.
  3044 | D:3      | 3044 ||| FLEEEEING.
  3047 | D:3      | 3047 ||| FLEEEEING.
  3048 | D:3      | 3048 ||| FLEEEEING.
  3049 | D:3      | 3049 ||| FLEEEEING.
  3050 | D:3      | 3050 ||| FLEEEEING.
  3051 | D:3      | 3051 ||| FLEEEEING.
  3052 | D:3      | 3052 ||| FLEEEEING.
  3053 | D:3      | 3053 ||| FLEEEEING.
  3054 | D:3      | 3054 ||| FLEEEEING.
  3055 | D:3      | 3055 ||| FLEEEEING.
  3058 | D:3      | 3058 ||| FLEEEEING.
  3059 | D:3      | 3059 ||| FLEEEEING.
  3060 | D:3      | 3060 ||| FLEEEEING.
  3061 | D:3      | 3061 ||| FLEEEEING.
  3071 | D:3      | 3071 ||| FLEEEEING.
  3072 | D:3      | 3072 ||| FLEEEEING.
  3083 | D:3      | 3083 ||| FLEEEEING.
  3084 | D:3      | 3084 ||| FLEEEEING.
  3085 | D:3      | 3085 ||| FLEEEEING.
  3086 | D:3      | 3086 ||| STAIRDANCE
  3197 | D:2      | 3197 ||| UPGRADING to ring of resist corrosion.
  3200 | D:3      | 3200 ||| STAIRDANCE
  3449 | D:3      | 3449 ||| DROPPING +0 whip.
  3706 | D:3      | 3706 ||| DROPPING +0 leather armour of fire resistance.
  3707 | D:3      | 3707 ||| UPGRADING to +0 chain mail.
  3717 | D:3      | 3717 ||| DROPPING +0 ring mail.
  3718 | D:3      | 3718 ||| READING scroll labelled VOBATU YRGHONOCVU.
  3719 | D:3      | 3719 ||| READING scroll labelled CULIFF RABEO.
  3720 | D:3      | 3720 ||| READING 2 scrolls of identify.
  3720 | D:3      | 3720 ||| IDENTIFYING glowing cyan potion
  3721 | D:3      | 3721 ||| DROPPING potion of berserk rage.
  3744 | D:4      | 3744 ||| Stepping ~*~*~tactically~*~*~ (stealth).
  3774 | D:4      | 3774 ||| Stepping ~*~*~tactically~*~*~ (stealth).
  3775 | D:4      | 3775 ||| Stepping ~*~*~tactically~*~*~ (stealth).
  3788 | D:4      | Reached skill level 6 in Axes
  4058 | D:4      | Noticed qw's ghost (amateur TeWr)
  4059 | D:4      | Found a transporter.
  4059 | D:4      | Noticed an ice beast
  4098 | D:4      | Found a transporter.
  4397 | D:4      | Reached XP level 6. HP: 35/35 MP: 10/10
  4484 | D:4      | Slain by an iguana

Levels and vault maps discovered:
D:1:      kilobyte_arrival_exit_the_forest, layout_rooms,
          shapermc_ecumenical_altar_venn, serial_glass, glass_columns_a,
          glass_columns_c, minmay_door_square
D:2:      layout_basic, basic_altar
D:3:      layout_basic, mainiacjoe_overflow_small_starburst,
          amcnicky_mini_pool_small
D:4:      layout_basic, gammafunk_ghost_arena, kennysheep_another_room

Skill      XL: |  1  2  3  4  5 |
---------------+----------------+-----
Axes           | 3 4 5 6 |  6.4
Fighting       | |  2.0
Throwing       | |  1.0
Armour         | |  1.9
Dodging        | |  2.1
Spellcasting   | |  2.0
Translocations | |  2.4

Action                   |  1- 3 |  4- 6 || total
-------------------------+-------+-------++-------
Melee: Hand axe          |    77 |    97 ||   174
       Peck              |     8 |    13 ||    21
       Kick              |    13 |    22 ||    35
       Punch             |     1 |       ||     1
Throw: Boomerang         |     7 |       ||     7
       Javelin           |    11 |    23 ||    34
  Use: Scroll            |     2 |     5 ||     7
       Potion            |     1 |       ||     1
Armor: Leather armour    |    23 |     1 ||    24
       Ring mail         |       |    12 ||    12
       Chain mail        |       |     7 ||     7
Dodge: Dodged            |    53 |    53 ||   106

Table legend:
 A = Non-vault XP
 B = Vault XP
 C = Vault XP percentage of total XP
 D = Non-vault monster count
 E = Vault monster count
 F = Vault count percentage of total count
                 A         B        C        D         E       F
            +---------+---------+-------+---------+---------+-------
      Total |     321 |       0 |   0.0 |      80 |       0 |   0.0
            +---------+---------+-------+---------+---------+-------
        D:1 |      49 |       0 |   0.0 |      28 |       0 |   0.0
        D:2 |      47 |       0 |   0.0 |      20 |       0 |   0.0
        D:3 |      92 |       0 |   0.0 |      25 |       0 |   0.0
        D:4 |     133 |       0 |   0.0 |       7 |       0 |   0.0
            +---------+---------+-------+---------+---------+-------
